Blues vs Senateurs

Created - 31 mars 2016 at 20:27

Goals
1 2 3 T
Blues 2 2 1 5
Senateurs 1 1 0 2
Shots
1 2 3 T
Blues 11 13 7 31
Senateurs 10 6 12 28

1st period

1. Senateurs , Jean-Pierre Dumont 25 (Andy McDonald, Gilbert Brule) at 2:35
2. Blues , Joe Pavelski 40 (Nicklas Backstrom, Alex Pietrangelo) at 3:13 (PP)
3. Blues , Paul Kariya 17 (Bryce Lampman) at 14:16

Penalties :
Carlo Colaiacovo (Ott) for Holding Stick (Minor) at 2:57, Jean-Pierre Dumont (Ott) for High sticking (Minor) at 15:50

2nd period

4. Senateurs , Jean-Pierre Dumont 26 (Kurtis Foster, Gilbert Brule) at 0:14
5. Blues , David Perron 27 (Nik Antropov) at 4:24
6. Blues , Alex Pietrangelo 10 (Bryce Lampman) at 11:41

Penalties :
Andy McDonald (Ott) for Hooking (Minor) at 4:27

3rd period

7. Blues , David Perron 28 (Alex Pietrangelo, Lasse Kukkonen) at 5:51

Penalties :
Kurtis Foster (Ott) for Hooking (Minor) at 5:55, Andy McDonald (Ott) for Holding Stick (Minor) at 14:13, Bryce Lampman (STL) for Interference (Minor) at 16:48, B.J. Crombeen (Ott) for High sticking (Minor) at 19:22

Goalie Stats

Tuukka Rask (STL), 26 saves from 28 shots - (0,929), W, 31-18-6, 60:00 minutes
Ondrej Pavelec (Ott), 26 saves from 31 shots - (0,839), L, 34-15-5, 60:00 minutes

Players Stats for Blues

Player Name              G  A  P  +/- PIM S  H  SB GA TA FO     MP     PP MP  PK MP  
------------------------------------------------------------------------------------
Alex Pietrangelo         1  2  3   2  0   4  1  2  2  0  0/0    27:34   5:43   0:46 
Bryce Lampman            0  2  2   1  2   1  1  2  0  0  0/0    18:09   0:00   0:00 
Darren Reid              0  0  0   0  0   1  3  0  0  1  0/1    15:54   3:48   0:00 
David Perron             2  0  2   1  0   7  1  2  1  0  0/1    22:07   4:39   0:07 
Drew Fata                0  0  0   0  0   0  2  0  1  0  0/0    17:45   0:00   1:09 
Guillaume Latendresse    0  0  0   0  0   2  0  0  0  0  1/1    16:49   3:48   0:55 
Jake Gardiner            0  0  0   0  0   0  0  3  2  3  0/0    23:58   5:43   1:13 
Joe Pavelski             1  0  1   1  0   2  0  0  1  1  0/1    21:17   4:26   0:00 
Kevin Porter             0  0  0   0  0   0  0  2  0  0  1/2     9:05   0:00   0:00 
Lasse Kukkonen           0  1  1   1  0   2  2  1  1  1  0/0    17:49   3:06   0:43 
Lee Stempniak            0  0  0   0  0   2  0  0  1  0  0/0     8:48   0:00   0:00 
Nicklas Backstrom        0  1  1   0  0   4  3  1  0  0  11/16  17:45   5:01   0:18 
Nik Antropov             0  1  1   1  0   1  3  0  1  0  15/28  21:10   3:21   0:57 
Paul Kariya              1  0  1   1  0   1  0  0  0  0  1/1    11:51   0:54   0:00 
Ryan Whitney             0  0  0   0  0   1  1  0  0  0  0/0    14:41   3:06   0:07 
Sergei Shirokov          0  0  0   1  0   1  0  0  1  1  0/0    12:00   0:00   0:38 
Taylor Pyatt             0  0  0   0  0   2  2  1  0  0  1/1    10:20   0:30   0:57 
Tyler Arnason            0  0  0   1  0   0  0  0  0  0  1/6    10:58   0:00   0:06 

Players Stats for Senateurs

Player Name              G  A  P  +/- PIM S  H  SB GA TA FO     MP     PP MP  PK MP  
------------------------------------------------------------------------------------
Ales Kotalik             0  0  0   0  0   1  1  0  0  0  0/0     8:32   0:00   0:00 
Andrew Ebbett            0  0  0  -1  0   0  0  0  0  1  2/3    13:58   0:00   2:41 
Andy Hilbert             0  0  0  -1  0   0  1  0  0  0  0/0    12:50   0:00   1:33 
Andy McDonald            0  1  1   0  4   4  1  0  0  0  0/3    18:49   1:07   1:33 
B.J. Crombeen            0  0  0  -1  2   2  2  0  1  0  1/1    11:24   0:00   0:00 
Brandon Dubinsky         0  0  0   0  0   0  1  0  0  0  2/3     9:17   0:00   0:28 
Carlo Colaiacovo         0  0  0  -2  2   1  3  0  0  0  0/0    21:06   0:36   4:00 
Dan Girardi              0  0  0  -2  0   0  0  0  0  0  0/0    20:54   0:36   3:47 
Darcy Hordichuk          0  0  0  -1  0   6  4  0  1  0  0/0    14:25   0:52   0:06 
Gilbert Brule            0  2  2   0  0   6  1  0  0  2  16/35  22:08   1:07   4:57 
Jean-Pierre Dumont       2  0  2   0  2   6  1  1  1  1  2/3    21:46   1:07   3:56 
Kurtis Foster            0  1  1   0  2   1  0  3  0  1  0/0    25:19   1:23   3:41 
Michal Grosek            0  0  0   0  0   0  0  0  0  0  0/0     8:32   0:00   0:00 
Olli Jokinen             0  0  0  -1  0   1  4  1  0  2  4/10   16:09   0:52   2:24 
Richard Lintner          0  0  0   0  0   0  1  0  0  0  0/0    13:25   0:00   1:08 
Todd Bertuzzi            0  0  0  -1  0   0  0  0  0  0  0/0    13:39   0:52   0:00 
Vitaly Vishnevsky        0  0  0   0  0   0  1  1  4  4  0/0    27:00   1:23   5:02 
Vladimir Mihalik         0  0  0   0  0   0  2  0  0  0  0/0    11:52   0:00   0:00 

3 Stars

1 - Alex Pietrangelo (STL)
2 - David Perron (STL)
3 - Jean-Pierre Dumont (Ott)

Power Play

Blues - 1 on 6 Attempt(s) - 16,67%
Senateurs - 0 on 1 Attempt(s) - 0,00%

Penalty Kill

Blues - 1 on 1 Attempt(s) - 100,00% - Score 0 goal in Penalty Kill
Senateurs - 5 on 6 Attempt(s) - 83,33% - Score 0 goal in Penalty Kill

Team Stat

Blues - Hits : 19 - Faceoff Wins : 31 - Blocked Shots : 14 - Penalty Minutes : 2
Senateurs - Hits : 23 - Faceoff Wins : 27 - Blocked Shots : 6 - Penalty Minutes : 12

Official

Referees : Pollock Kevin and Kimmerly Greg
Linesman : Brad Lazarowich and Ryan Galloway

Game Notes

Brandon Dubinsky is injured at 16:24 of 3rd period (Left Knee)

Finance

Level 1 -- Attendance: 5852 (97,53%) -- Ticket Income 468 160 $
Level 2 -- Attendance: 5000 (100,00%) -- Ticket Income 260 000 $
Level 3 -- Attendance: 1761 (88,05%) -- Ticket Income 56 352 $
Level 4 -- Attendance: 4000 (100,00%) -- Ticket Income 76 000 $
Luxury Box -- Attendance: 1000 (100,00%) -- Ticket Income 157 000 $
Game was played at the Place Banque Scotia.
Total Attendance: 17613 (97,85%)
Total Ticket Income: 1 017 512 $
Other Income: 152 627 $
Total Income: 1 170 139 $

Blues

5 vs 5 Forward 
   Center                   Left Wing                Right Wing               Time % Phy DF OF 
 1 Nik Antropov             David Perron             Joe Pavelski             40     1   2  2  
 2 Nicklas Backstrom        Guillaume Latendresse    Darren Reid              30     1   2  2  
 3 Tyler Arnason            Paul Kariya              Sergei Shirokov          20     1   2  2  
 4 Kevin Porter             Taylor Pyatt             Lee Stempniak            10     1   2  2  

5 vs 5 Defense 
   Defense                  Defense                                           Time % Phy DF OF 
 1 Alex Pietrangelo         Bryce Lampman                                     40     1   2  2  
 2 Jake Gardiner            Drew Fata                                         30     1   2  2  
 3 Lasse Kukkonen           Ryan Whitney                                      20     1   2  2  
 4 Lasse Kukkonen           Alex Pietrangelo                                  10     1   2  2  

PowerPlay Forward 
   Center                   Left Wing                Right Wing               Time % Phy DF OF 
 1 Nicklas Backstrom        David Perron             Joe Pavelski             60     1   2  2  
 2 Nik Antropov             Guillaume Latendresse    Darren Reid              40     1   2  2  

PowerPlay Defense
   Defense                  Defense                                           Time % Phy DF OF 
 1 Alex Pietrangelo         Jake Gardiner                                     60     1   2  2  
 2 Lasse Kukkonen           Ryan Whitney                                      40     1   2  2  

Penalty Kill 4 Players Forward 
   Center                   Wing                     Time % Phy DF OF 
 1 Nik Antropov             Taylor Pyatt             60     1   2  2  
 2 Tyler Arnason            Guillaume Latendresse    40     1   2  2  

Penalty Kill 4 Players Defense
   Defense                  Defense                  Time % Phy DF OF 
 1 Bryce Lampman            Drew Fata                60     1   2  2  
 2 Jake Gardiner            Lasse Kukkonen           40     1   2  2  

Penalty Kill - 3 Players Forward 
   Forward                                           Time % Phy DF OF 
 1 Nik Antropov                                      60     1   2  2  
 2 Kevin Porter                                      40     1   2  2  

Penalty Kill - 3 Players Defense
   Defense                  Defense                  Time % Phy DF OF 
 1 Drew Fata                Alex Pietrangelo         60     1   2  2  
 2 Bryce Lampman            Lasse Kukkonen           40     1   2  2  

4 vs 4 Forward 
   Center                   Wing                     Time % Phy DF OF 
 1 Nik Antropov             Paul Kariya              60     1   2  2  
 2 Nicklas Backstrom        Joe Pavelski             40     1   2  2  

4 vs 4 Defense
   Defense                  Defense                  Time % Phy DF OF 
 1 Alex Pietrangelo         Bryce Lampman            60     1   2  2  
 2 Lasse Kukkonen           Drew Fata                40     1   2  2  

Last Minutes Offensive
   Center                   Left Wing                Right Wing               Defense                  Defense                  
   Nicklas Backstrom        Guillaume Latendresse    Joe Pavelski             Alex Pietrangelo         Jake Gardiner            

Last Minutes Defensive
   Center                   Left Wing                Right Wing               Defense                  Defense                  
   Nik Antropov             Taylor Pyatt             Darren Reid              Bryce Lampman            Drew Fata                

Goaltenders
Starting : Tuukka Rask              
Backup : Adam Munro               

Extra Forwards
Normal : Paul Kariya, Taylor Pyatt, Joe Pavelski - PP : Paul Kariya, Taylor Pyatt - PK : Sergei Shirokov
Extra Defensemen
Normal : Drew Fata, Lasse Kukkonen, Bryce Lampman - PP : Bryce Lampman - PK : Jake Gardiner, Alex Pietrangelo
Penalty Shots
David Perron, Guillaume Latendresse, Joe Pavelski, Tyler Arnason, Nik Antropov

Senateurs

5 vs 5 Forward 
   Center                   Left Wing                Right Wing               Time % Phy DF OF 
 1 Gilbert Brule            Andy McDonald            Jean-Pierre Dumont       39     1   2  2  
 2 Olli Jokinen             Darcy Hordichuk          Todd Bertuzzi            29     1   2  2  
 3 Andrew Ebbett            Andy Hilbert             B.J. Crombeen            20     1   2  2  
 4 Brandon Dubinsky         Michal Grosek            Ales Kotalik             12     1   2  2  

5 vs 5 Defense 
   Defense                  Defense                                           Time % Phy DF OF 
 1 Vitaly Vishnevsky        Kurtis Foster                                     40     1   2  2  
 2 Carlo Colaiacovo         Dan Girardi                                       30     1   2  2  
 3 Vladimir Mihalik         Richard Lintner                                   20     1   2  2  
 4 Vitaly Vishnevsky        Kurtis Foster                                     10     1   2  2  

PowerPlay Forward 
   Center                   Left Wing                Right Wing               Time % Phy DF OF 
 1 Gilbert Brule            Andy McDonald            Jean-Pierre Dumont       60     0   2  3  
 2 Olli Jokinen             Darcy Hordichuk          Todd Bertuzzi            40     0   2  3  

PowerPlay Defense
   Defense                  Defense                                           Time % Phy DF OF 
 1 Vitaly Vishnevsky        Kurtis Foster                                     60     1   2  2  
 2 Carlo Colaiacovo         Dan Girardi                                       40     1   2  2  

Penalty Kill 4 Players Forward 
   Center                   Wing                     Time % Phy DF OF 
 1 Gilbert Brule            Jean-Pierre Dumont       60     0   3  2  
 2 Olli Jokinen             Andy McDonald            40     0   3  2  

Penalty Kill 4 Players Defense
   Defense                  Defense                  Time % Phy DF OF 
 1 Vitaly Vishnevsky        Kurtis Foster            60     1   2  2  
 2 Carlo Colaiacovo         Dan Girardi              40     1   2  2  

Penalty Kill - 3 Players Forward 
   Forward                                           Time % Phy DF OF 
 1 Gilbert Brule                                     60     0   3  2  
 2 Jean-Pierre Dumont                                40     0   3  2  

Penalty Kill - 3 Players Defense
   Defense                  Defense                  Time % Phy DF OF 
 1 Vitaly Vishnevsky        Kurtis Foster            60     1   2  2  
 2 Carlo Colaiacovo         Dan Girardi              40     1   2  2  

4 vs 4 Forward 
   Center                   Wing                     Time % Phy DF OF 
 1 Gilbert Brule            Jean-Pierre Dumont       60     1   2  2  
 2 Olli Jokinen             Andy McDonald            40     1   2  2  

4 vs 4 Defense
   Defense                  Defense                  Time % Phy DF OF 
 1 Vitaly Vishnevsky        Kurtis Foster            60     1   2  2  
 2 Carlo Colaiacovo         Dan Girardi              40     1   2  2  

Last Minutes Offensive
   Center                   Left Wing                Right Wing               Defense                  Defense                  
   Gilbert Brule            Andy McDonald            Jean-Pierre Dumont       Vitaly Vishnevsky        Kurtis Foster            

Last Minutes Defensive
   Center                   Left Wing                Right Wing               Defense                  Defense                  
   Gilbert Brule            Andy McDonald            Jean-Pierre Dumont       Vitaly Vishnevsky        Kurtis Foster            

Goaltenders
Starting : Ondrej Pavelec           
Backup : Marty Turco              

Extra Forwards
Normal : B.J. Crombeen, Andy Hilbert, Andrew Ebbett - PP : B.J. Crombeen, Andy Hilbert - PK : Andrew Ebbett
Extra Defensemen
Normal : Vladimir Mihalik, Richard Lintner, Carlo Colaiacovo - PP : Vladimir Mihalik - PK : Richard Lintner, Carlo Colaiacovo
Penalty Shots
Gilbert Brule, Jean-Pierre Dumont, Olli Jokinen, Andy McDonald, Todd Bertuzzi

% Time on Ice - Blues

Lines # - Real PCT - Wanted PCT - Time Play
Normal Forward
1 - 35% - 40% - 17:26
2 - 25% - 30% - 12:06
3 - 22% - 20% - 10:52
4 - 18% - 10% - 8:48
Normal Defense
1 - 39% - 40% - 18:58
2 - 35% - 30% - 17:14
3 - 20% - 20% - 9:58
4 - 6% - 10% - 3:02
PP Forward
1 - 57% - 60% - 5:01
2 - 43% - 40% - 3:48
PP Defense
1 - 65% - 60% - 5:43
2 - 35% - 40% - 3:06
PK Forward
1 - 95% - 60% - 1:53
2 - 5% - 40% - 0:06
PK Defense
1 - 64% - 60% - 1:16
2 - 36% - 40% - 0:43
PK3 Forward
1 - 0% - 60%
2 - 0% - 40%
PK3 Defense
1 - 0% - 60%
2 - 0% - 40%
44 Forward
1 - 0% - 60%
2 - 0% - 40%
44 Defense
1 - 0% - 60%
2 - 0% - 40%
Last Minute Offensive  - 0:00
Last Minute Defensive  - 0:00
Total
Forward - 60:00
Defense - 60:00

% Time on Ice - Senateurs

Lines # - Real PCT - Wanted PCT - Time Play
Normal Forward
1 - 34% - 39% - 16:45
2 - 26% - 29% - 12:53
3 - 22% - 20% - 11:02
4 - 17% - 12% - 8:32
Normal Defense
1 - 38% - 40% - 18:27
2 - 34% - 30% - 16:31
3 - 24% - 20% - 11:52
4 - 5% - 10% - 2:22
PP Forward
1 - 56% - 60% - 1:07
2 - 44% - 40% - 0:52
PP Defense
1 - 70% - 60% - 1:23
2 - 30% - 40% - 0:36
PK Forward
1 - 73% - 60% - 6:25
2 - 27% - 40% - 2:24
PK Defense
1 - 57% - 60% - 5:02
2 - 43% - 40% - 3:47
PK3 Forward
1 - 0% - 60%
2 - 0% - 40%
PK3 Defense
1 - 0% - 60%
2 - 0% - 40%
44 Forward
1 - 0% - 60%
2 - 0% - 40%
44 Defense
1 - 0% - 60%
2 - 0% - 40%
Last Minute Offensive  - 0:00
Last Minute Defensive  - 0:00
Total
Forward - 60:00
Defense - 60:00

Play by Play

1st period


0:01 of 1st period - Gilbert Brule wins face-off versus Nik Antropov in neutral zone.
0:06 of 1st period - Wrist shot by Gilbert Brule.
0:06 of 1st period - Stopped by Tuukka Rask with a rebound.
0:12 of 1st period - Wrist shot by Andy McDonald.
0:12 of 1st period - Stopped by Tuukka Rask with a rebound.
1:07 of 1st period - Lasse Kukkonen is hit by Brandon Dubinsky and loses puck.
2:21 of 1st period - Icing by Bryce Lampman.
2:22 of 1st period - Gilbert Brule wins face-off versus Tyler Arnason in Blues zone.
2:33 of 1st period - Wrist shot by Andy McDonald.
2:33 of 1st period - Shot Misses the Net.
2:35 of 1st period - Wrist shot by Jean-Pierre Dumont.
2:35 of 1st period - Goal by Jean-Pierre Dumont - Blues : 0 - Senateurs : 1.
2:36 of 1st period - Olli Jokinen wins face-off versus Nik Antropov in neutral zone.
2:57 of 1st period - Minor Penalty to Carlo Colaiacovo for Holding Stick.
2:58 of 1st period - Nicklas Backstrom wins face-off versus Gilbert Brule in Senateurs zone.
3:03 of 1st period - Snap shot by Nicklas Backstrom.
3:03 of 1st period - Shot Blocked by Jean-Pierre Dumont.
3:05 of 1st period - Wrist shot by Joe Pavelski.
3:05 of 1st period - Shot Blocked by Kurtis Foster.
3:13 of 1st period - Wrist shot by Joe Pavelski.
3:13 of 1st period - Goal by Joe Pavelski - Blues : 1 - Senateurs : 1.
3:14 of 1st period - Nik Antropov wins face-off versus Andy McDonald in neutral zone.
3:46 of 1st period - Snap shot by Nicklas Backstrom.
3:46 of 1st period - Stopped by Ondrej Pavelec with a rebound.
3:48 of 1st period - Snap shot by Guillaume Latendresse.
3:48 of 1st period - Shot Misses the Net.
3:50 of 1st period - Slapshot by Lasse Kukkonen.
3:50 of 1st period - Stopped by Ondrej Pavelec with a rebound.
3:52 of 1st period - Slapshot by Lasse Kukkonen.
3:52 of 1st period - Stopped by Ondrej Pavelec without a rebound.
3:53 of 1st period - Gilbert Brule wins face-off versus Tyler Arnason in Senateurs zone.
3:53 of 1st period - Gilbert Brule is hit by Drew Fata.
4:21 of 1st period - Off-side.
4:22 of 1st period - Andrew Ebbett wins face-off versus Nik Antropov in neutral zone.
4:33 of 1st period - Wrist shot by Andy Hilbert.
4:33 of 1st period - Deflect By B.J. Crombeen.
4:33 of 1st period - Stopped by Tuukka Rask without a rebound.
4:34 of 1st period - Nicklas Backstrom wins face-off versus Olli Jokinen in Blues zone.
5:06 of 1st period - Snap shot by Joe Pavelski.
5:06 of 1st period - Deflect By Nik Antropov.
5:06 of 1st period - Stopped by Ondrej Pavelec with a rebound.
5:47 of 1st period - Backhand shot by Taylor Pyatt.
5:47 of 1st period - Stopped by Ondrej Pavelec with a rebound.
6:23 of 1st period - Gilbert Brule is hit by Nicklas Backstrom and loses puck.
6:30 of 1st period - Darren Reid is hit by Carlo Colaiacovo and loses puck.
7:16 of 1st period - Vitaly Vishnevsky is hit by Drew Fata and loses puck.
7:55 of 1st period - Richard Lintner is hit by Bryce Lampman and loses puck.
8:02 of 1st period - Snap shot by Sergei Shirokov.
8:02 of 1st period - Stopped by Ondrej Pavelec with a rebound.
8:04 of 1st period - Slapshot by Ryan Whitney.
8:04 of 1st period - Stopped by Ondrej Pavelec with a rebound.
8:20 of 1st period - Snap shot by Taylor Pyatt.
8:20 of 1st period - Stopped by Ondrej Pavelec with a rebound.
8:32 of 1st period - Bryce Lampman is hit by Vladimir Mihalik and loses puck.
8:49 of 1st period - Snap shot by Gilbert Brule.
8:49 of 1st period - Shot Misses the Net.
8:51 of 1st period - Wrist shot by Gilbert Brule.
8:51 of 1st period - Deflect By Jean-Pierre Dumont.
8:51 of 1st period - Stopped by Tuukka Rask without a rebound.
8:52 of 1st period - Nicklas Backstrom wins face-off versus Gilbert Brule in Blues zone.
10:31 of 1st period - Wrist shot by Gilbert Brule.
10:31 of 1st period - Shot Blocked by Nicklas Backstrom.
12:07 of 1st period - Snap shot by Andy McDonald.
12:07 of 1st period - Stopped by Tuukka Rask with a rebound.
13:05 of 1st period - Jean-Pierre Dumont is hit by Taylor Pyatt.
13:11 of 1st period - Wrist shot by Gilbert Brule.
13:11 of 1st period - Stopped by Tuukka Rask with a rebound.
13:13 of 1st period - Slapshot by Vladimir Mihalik.
13:13 of 1st period - Shot Blocked by Taylor Pyatt.
13:36 of 1st period - Carlo Colaiacovo is hit by Nik Antropov and loses puck.
13:43 of 1st period - David Perron is hit by Darcy Hordichuk and loses puck.
14:16 of 1st period - Wrist shot by Paul Kariya.
14:16 of 1st period - Goal by Paul Kariya - Blues : 2 - Senateurs : 1.
14:17 of 1st period - Nik Antropov wins face-off versus Gilbert Brule in neutral zone.
14:47 of 1st period - Wrist shot by David Perron.
14:47 of 1st period - Shot Misses the Net.
14:49 of 1st period - Wrist shot by Joe Pavelski.
14:49 of 1st period - Shot Misses the Net.
14:51 of 1st period - Snap shot by Joe Pavelski.
14:51 of 1st period - Shot Blocked by Kurtis Foster.
14:53 of 1st period - Slapshot by David Perron.
14:53 of 1st period - Stopped by Ondrej Pavelec with a rebound.
15:05 of 1st period - Lasse Kukkonen is hit by Andy Hilbert and loses puck.
15:28 of 1st period - Nik Antropov is hit by B.J. Crombeen and loses puck.
15:39 of 1st period - Snap shot by David Perron.
15:39 of 1st period - Deflect By Joe Pavelski.
15:39 of 1st period - Shot Misses the Net.
15:39 of 1st period - Puck is out of play.
15:40 of 1st period - Nicklas Backstrom wins face-off versus Gilbert Brule in Senateurs zone.
15:50 of 1st period - Minor Penalty to Jean-Pierre Dumont for High sticking.
15:51 of 1st period - Paul Kariya wins face-off versus Gilbert Brule in Senateurs zone.
17:50 of 1st period - Penalty to Jean-Pierre Dumont is over, Jean-Pierre Dumont is back on ice.
18:13 of 1st period - Wrist shot by Darcy Hordichuk.
18:13 of 1st period - Shot Blocked by Kevin Porter.
18:15 of 1st period - Snap shot by Darcy Hordichuk.
18:15 of 1st period - Shot Misses the Net.
18:17 of 1st period - Slapshot by Darcy Hordichuk.
18:17 of 1st period - Shot Blocked by Jake Gardiner.
18:19 of 1st period - Wrist shot by Darcy Hordichuk.
18:19 of 1st period - Stopped by Tuukka Rask with a rebound.
18:21 of 1st period - Snap shot by Dan Girardi.
18:21 of 1st period - Shot Blocked by Jake Gardiner.
18:23 of 1st period - Slapshot by Dan Girardi.
18:23 of 1st period - Shot Misses the Net.
18:25 of 1st period - Slapshot by Carlo Colaiacovo.
18:25 of 1st period - Shot Misses the Net.
18:27 of 1st period - Slapshot by Dan Girardi.
18:27 of 1st period - Deflect By Jean-Pierre Dumont.
18:27 of 1st period - Stopped by Tuukka Rask with a rebound.
18:29 of 1st period - Slapshot by Carlo Colaiacovo.
18:29 of 1st period - Stopped by Tuukka Rask without a rebound.
18:30 of 1st period - B.J. Crombeen wins face-off versus Tyler Arnason in Blues zone.
18:41 of 1st period - Snap shot by Sergei Shirokov.
18:41 of 1st period - Shot Misses the Net.
18:57 of 1st period - Lasse Kukkonen is hit by Vladimir Mihalik and loses puck.
19:23 of 1st period - Snap shot by Nicklas Backstrom.
19:23 of 1st period - Shot Blocked by Olli Jokinen.
19:29 of 1st period - Olli Jokinen is hit by Nicklas Backstrom and loses puck.
19:51 of 1st period - Ryan Whitney is hit by Ales Kotalik and loses puck.
Goals for this period are 2 for Blues vs 1 for Senateurs.
Shots for this period are 11 for Blues vs 10 for Senateurs.

2nd period


0:01 of 2nd period - Nik Antropov wins face-off versus Gilbert Brule in neutral zone.
0:12 of 2nd period - Slapshot by Kurtis Foster.
0:12 of 2nd period - Shot Misses the Net.
0:14 of 2nd period - Wrist shot by Jean-Pierre Dumont.
0:14 of 2nd period - Goal by Jean-Pierre Dumont - Blues : 2 - Senateurs : 2.
0:15 of 2nd period - Nicklas Backstrom wins face-off versus Gilbert Brule in neutral zone.
0:18 of 2nd period - Andy McDonald is hit by Nicklas Backstrom.
0:30 of 2nd period - Guillaume Latendresse is hit by Vitaly Vishnevsky and loses puck.
1:20 of 2nd period - Wrist shot by Lee Stempniak.
1:20 of 2nd period - Stopped by Ondrej Pavelec with a rebound.
1:26 of 2nd period - Wrist shot by Lee Stempniak.
1:26 of 2nd period - Stopped by Ondrej Pavelec with a rebound.
1:46 of 2nd period - Slapshot by Jean-Pierre Dumont.
1:46 of 2nd period - Shot Misses the Net.
2:02 of 2nd period - Snap shot by Darcy Hordichuk.
2:02 of 2nd period - Shot Misses the Net.
3:25 of 2nd period - Slapshot by Vladimir Mihalik.
3:25 of 2nd period - Shot Blocked by Bryce Lampman.
3:35 of 2nd period - Bryce Lampman is hit by Richard Lintner and loses puck.
3:50 of 2nd period - Snap shot by Alex Pietrangelo.
3:50 of 2nd period - Stopped by Ondrej Pavelec with a rebound.
3:52 of 2nd period - Wrist shot by David Perron.
3:52 of 2nd period - Stopped by Ondrej Pavelec without a rebound.
3:53 of 2nd period - Guillaume Latendresse wins face-off versus Andrew Ebbett in Senateurs zone.
4:02 of 2nd period - Wrist shot by Darren Reid.
4:02 of 2nd period - Shot Misses the Net.
4:04 of 2nd period - Wrist shot by Darren Reid.
4:04 of 2nd period - Stopped by Ondrej Pavelec without a rebound.
4:05 of 2nd period - Nicklas Backstrom wins face-off versus Gilbert Brule in Senateurs zone.
4:16 of 2nd period - Wrist shot by Nicklas Backstrom.
4:16 of 2nd period - Stopped by Ondrej Pavelec without a rebound.
4:17 of 2nd period - Nik Antropov wins face-off versus Gilbert Brule in Senateurs zone.
4:24 of 2nd period - Wrist shot by David Perron.
4:24 of 2nd period - Goal by David Perron - Blues : 3 - Senateurs : 2.
4:25 of 2nd period - Jean-Pierre Dumont wins face-off versus Nik Antropov in neutral zone.
4:27 of 2nd period - Minor Penalty to Andy McDonald for Hooking.
4:28 of 2nd period - Nicklas Backstrom wins face-off versus Gilbert Brule in Senateurs zone.
4:28 of 2nd period - Snap shot by Alex Pietrangelo.
4:28 of 2nd period - Shot Blocked by Kurtis Foster.
4:30 of 2nd period - Snap shot by David Perron.
4:30 of 2nd period - Stopped by Ondrej Pavelec without a rebound.
4:31 of 2nd period - Gilbert Brule wins face-off versus Nicklas Backstrom in Senateurs zone.
5:40 of 2nd period - Icing by Lasse Kukkonen.
5:41 of 2nd period - Nik Antropov wins face-off versus Gilbert Brule in Blues zone.
6:18 of 2nd period - Alex Pietrangelo is hit by Carlo Colaiacovo and loses puck.
6:22 of 2nd period - Icing by Alex Pietrangelo.
6:23 of 2nd period - Gilbert Brule wins face-off versus Nicklas Backstrom in Blues zone.
6:27 of 2nd period - Penalty to Andy McDonald is over, Andy McDonald is back on ice.
6:34 of 2nd period - Wrist shot by Gilbert Brule.
6:34 of 2nd period - Stopped by Tuukka Rask without a rebound.
6:35 of 2nd period - Olli Jokinen wins face-off versus Tyler Arnason in Blues zone.
8:37 of 2nd period - Wrist shot by David Perron.
8:37 of 2nd period - Stopped by Ondrej Pavelec without a rebound.
8:38 of 2nd period - Andrew Ebbett wins face-off versus David Perron in Senateurs zone.
8:43 of 2nd period - Slapshot by Kurtis Foster.
8:43 of 2nd period - Shot Blocked by David Perron.
8:45 of 2nd period - Snap shot by Andrew Ebbett.
8:45 of 2nd period - Shot Blocked by David Perron.
8:47 of 2nd period - Snap shot by Andy Hilbert.
8:47 of 2nd period - Shot Misses the Net.
9:05 of 2nd period - Kurtis Foster is hit by Lasse Kukkonen.
9:13 of 2nd period - Snap shot by Guillaume Latendresse.
9:13 of 2nd period - Stopped by Ondrej Pavelec with a rebound.
9:35 of 2nd period - Wrist shot by Darcy Hordichuk.
9:35 of 2nd period - Stopped by Tuukka Rask with a rebound.
10:53 of 2nd period - Snap shot by Olli Jokinen.
10:53 of 2nd period - Stopped by Tuukka Rask without a rebound.
10:54 of 2nd period - Tyler Arnason wins face-off versus Olli Jokinen in Blues zone.
10:59 of 2nd period - Slapshot by Alex Pietrangelo.
10:59 of 2nd period - Stopped by Ondrej Pavelec with a rebound.
11:18 of 2nd period - Paul Kariya is hit by Darcy Hordichuk and loses puck.
11:37 of 2nd period - Slapshot by Bryce Lampman.
11:37 of 2nd period - Stopped by Ondrej Pavelec with a rebound.
11:39 of 2nd period - Slapshot by Alex Pietrangelo.
11:39 of 2nd period - Shot Misses the Net.
11:41 of 2nd period - Slapshot by Alex Pietrangelo.
11:41 of 2nd period - Goal by Alex Pietrangelo - Blues : 4 - Senateurs : 2.
11:42 of 2nd period - Gilbert Brule wins face-off versus Joe Pavelski in neutral zone.
12:07 of 2nd period - Kurtis Foster is hit by Lasse Kukkonen and loses puck.
12:32 of 2nd period - Paul Kariya is hit by Olli Jokinen and loses puck.
13:10 of 2nd period - Wrist shot by Darcy Hordichuk.
13:10 of 2nd period - Stopped by Tuukka Rask with a rebound.
13:45 of 2nd period - Slapshot by Kurtis Foster.
13:45 of 2nd period - Shot Blocked by Kevin Porter.
14:13 of 2nd period - Wrist shot by Darcy Hordichuk.
14:13 of 2nd period - Stopped by Tuukka Rask without a rebound.
14:14 of 2nd period - Gilbert Brule wins face-off versus Nik Antropov in Blues zone.
16:20 of 2nd period - Bryce Lampman is hit by B.J. Crombeen and loses puck.
17:03 of 2nd period - Icing by Andrew Ebbett.
17:04 of 2nd period - Brandon Dubinsky wins face-off versus Kevin Porter in Senateurs zone.
17:37 of 2nd period - Paul Kariya is hit by Olli Jokinen and loses puck.
17:50 of 2nd period - Jean-Pierre Dumont is hit by Darren Reid.
19:56 of 2nd period - Icing by Bryce Lampman.
19:57 of 2nd period - Kevin Porter wins face-off versus Olli Jokinen in Blues zone.
19:57 of 2nd period - Kevin Porter is hit by Olli Jokinen.
Goals for this period are 2 for Blues vs 1 for Senateurs.
Shots for this period are 13 for Blues vs 6 for Senateurs.

3rd period


0:01 of 3rd period - Gilbert Brule wins face-off versus Nik Antropov in neutral zone.
0:11 of 3rd period - Snap shot by David Perron.
0:11 of 3rd period - Stopped by Ondrej Pavelec without a rebound.
0:12 of 3rd period - Nik Antropov wins face-off versus Gilbert Brule in Senateurs zone.
0:25 of 3rd period - Snap shot by Gilbert Brule.
0:25 of 3rd period - Shot Misses the Net.
0:27 of 3rd period - Snap shot by Gilbert Brule.
0:27 of 3rd period - Shot Blocked by Bryce Lampman.
0:37 of 3rd period - Darcy Hordichuk is hit by Darren Reid and loses puck.
0:46 of 3rd period - Snap shot by Guillaume Latendresse.
0:46 of 3rd period - Stopped by Ondrej Pavelec with a rebound.
1:04 of 3rd period - Wrist shot by B.J. Crombeen.
1:04 of 3rd period - Stopped by Tuukka Rask with a rebound.
1:06 of 3rd period - Slapshot by Kurtis Foster.
1:06 of 3rd period - Stopped by Tuukka Rask without a rebound.
1:07 of 3rd period - Gilbert Brule wins face-off versus Nik Antropov in Blues zone.
1:08 of 3rd period - Snap shot by Jean-Pierre Dumont.
1:08 of 3rd period - Stopped by Tuukka Rask with a rebound.
1:10 of 3rd period - Snap shot by Gilbert Brule.
1:10 of 3rd period - Shot Blocked by Alex Pietrangelo.
1:12 of 3rd period - Snap shot by Andy McDonald.
1:12 of 3rd period - Stopped by Tuukka Rask without a rebound.
1:13 of 3rd period - Nik Antropov wins face-off versus Gilbert Brule in Blues zone.
1:20 of 3rd period - Snap shot by Jean-Pierre Dumont.
1:20 of 3rd period - Shot Misses the Net.
1:22 of 3rd period - Snap shot by Andy McDonald.
1:22 of 3rd period - Stopped by Tuukka Rask without a rebound.
1:23 of 3rd period - Nik Antropov wins face-off versus Gilbert Brule in Blues zone.
1:53 of 3rd period - Snap shot by Nicklas Backstrom.
1:53 of 3rd period - Stopped by Ondrej Pavelec with a rebound.
1:59 of 3rd period - Jake Gardiner is hit by Darcy Hordichuk and loses puck.
3:20 of 3rd period - Snap shot by Darcy Hordichuk.
3:20 of 3rd period - Stopped by Tuukka Rask with a rebound.
4:16 of 3rd period - Wrist shot by Gilbert Brule.
4:16 of 3rd period - Shot Hit the Post.
4:20 of 3rd period - Snap shot by Gilbert Brule.
4:20 of 3rd period - Stopped by Tuukka Rask without a rebound.
4:21 of 3rd period - Nicklas Backstrom wins face-off versus Andy McDonald in Blues zone.
4:36 of 3rd period - Kurtis Foster is hit by Darren Reid and loses puck.
4:47 of 3rd period - Kurtis Foster is hit by Alex Pietrangelo and loses puck.
4:59 of 3rd period - Icing by David Perron.
5:00 of 3rd period - Olli Jokinen wins face-off versus Nik Antropov in Blues zone.
5:05 of 3rd period - Snap shot by Olli Jokinen.
5:05 of 3rd period - Deflect By Darcy Hordichuk.
5:05 of 3rd period - Deflect By Nik Antropov.
5:05 of 3rd period - Shot Misses the Net.
5:05 of 3rd period - Puck is out of play.
5:06 of 3rd period - Nik Antropov wins face-off versus Olli Jokinen in Blues zone.
5:16 of 3rd period - Off-side.
5:17 of 3rd period - Gilbert Brule wins face-off versus Nik Antropov in neutral zone.
5:22 of 3rd period - Wrist shot by Gilbert Brule.
5:22 of 3rd period - Stopped by Tuukka Rask without a rebound.
5:23 of 3rd period - Gilbert Brule wins face-off versus Nik Antropov in Blues zone.
5:30 of 3rd period - Snap shot by Jean-Pierre Dumont.
5:30 of 3rd period - Deflect By Gilbert Brule.
5:30 of 3rd period - Shot Misses the Net.
5:30 of 3rd period - Puck is out of play.
5:31 of 3rd period - Gilbert Brule wins face-off versus Nik Antropov in Blues zone.
5:38 of 3rd period - Wrist shot by Jean-Pierre Dumont.
5:38 of 3rd period - Shot Blocked by Lasse Kukkonen.
5:40 of 3rd period - Slapshot by Gilbert Brule.
5:40 of 3rd period - Stopped by Tuukka Rask without a rebound.
5:41 of 3rd period - Nik Antropov wins face-off versus Andy McDonald in Blues zone.
5:41 of 3rd period - Nik Antropov is hit by Gilbert Brule.
5:51 of 3rd period - Snap shot by David Perron.
5:51 of 3rd period - Goal by David Perron - Blues : 5 - Senateurs : 2.
5:52 of 3rd period - Jean-Pierre Dumont wins face-off versus Nik Antropov in neutral zone.
5:52 of 3rd period - Jean-Pierre Dumont is hit by Nik Antropov.
5:55 of 3rd period - Minor Penalty to Kurtis Foster for Hooking.
5:56 of 3rd period - Gilbert Brule wins face-off versus Nicklas Backstrom in Senateurs zone.
6:10 of 3rd period - Wrist shot by Joe Pavelski.
6:10 of 3rd period - Stopped by Ondrej Pavelec without a rebound.
6:11 of 3rd period - Nicklas Backstrom wins face-off versus Jean-Pierre Dumont in Senateurs zone.
7:29 of 3rd period - Wrist shot by Vitaly Vishnevsky.
7:29 of 3rd period - Shot Blocked by Jake Gardiner.
7:31 of 3rd period - Snap shot by Vitaly Vishnevsky.
7:31 of 3rd period - Shot Misses the Net.
7:52 of 3rd period - Icing by Nicklas Backstrom.
7:53 of 3rd period - Olli Jokinen wins face-off versus Darren Reid in Blues zone.
7:55 of 3rd period - Penalty to Kurtis Foster is over, Kurtis Foster is back on ice.
8:10 of 3rd period - Snap shot by Andrew Ebbett.
8:10 of 3rd period - Shot Hit the Post.
8:50 of 3rd period - Bryce Lampman is hit by Carlo Colaiacovo.
8:51 of 3rd period - Icing by Bryce Lampman.
8:52 of 3rd period - Nik Antropov wins face-off versus Gilbert Brule in Blues zone.
9:05 of 3rd period - Wrist shot by Joe Pavelski.
9:05 of 3rd period - Shot Misses the Net.
9:15 of 3rd period - Guillaume Latendresse is hit by Darcy Hordichuk and loses puck.
10:01 of 3rd period - Wrist shot by Nik Antropov.
10:01 of 3rd period - Shot Blocked by Vitaly Vishnevsky.
10:24 of 3rd period - Off-side.
10:25 of 3rd period - Brandon Dubinsky wins face-off versus Nicklas Backstrom in neutral zone.
10:51 of 3rd period - Alex Pietrangelo is hit by Andy McDonald.
11:01 of 3rd period - Slapshot by Jean-Pierre Dumont.
11:01 of 3rd period - Shot Blocked by Alex Pietrangelo.
11:22 of 3rd period - Snap shot by Sergei Shirokov.
11:22 of 3rd period - Shot Misses the Net.
11:55 of 3rd period - Wrist shot by Nicklas Backstrom.
11:55 of 3rd period - Stopped by Ondrej Pavelec without a rebound.
11:56 of 3rd period - Nik Antropov wins face-off versus Brandon Dubinsky in Senateurs zone.
12:09 of 3rd period - Michal Grosek is hit by Nik Antropov and loses puck.
12:54 of 3rd period - Wrist shot by Darcy Hordichuk.
12:54 of 3rd period - Stopped by Tuukka Rask without a rebound.
12:55 of 3rd period - Nik Antropov wins face-off versus Olli Jokinen in Blues zone.
13:00 of 3rd period - David Perron is hit by Olli Jokinen and loses puck.
13:47 of 3rd period - Snap shot by Vladimir Mihalik.
13:47 of 3rd period - Shot Misses the Net.
13:50 of 3rd period - Icing by Paul Kariya.
13:51 of 3rd period - Gilbert Brule wins face-off versus Tyler Arnason in Blues zone.
13:58 of 3rd period - Slapshot by Jean-Pierre Dumont.
13:58 of 3rd period - Stopped by Tuukka Rask without a rebound.
13:59 of 3rd period - Nik Antropov wins face-off versus Gilbert Brule in Blues zone.
14:13 of 3rd period - Minor Penalty to Andy McDonald for Holding Stick.
14:14 of 3rd period - Gilbert Brule wins face-off versus Nicklas Backstrom in Senateurs zone.
14:32 of 3rd period - Jean-Pierre Dumont is hit by David Perron and loses puck.
15:53 of 3rd period - Guillaume Latendresse is hit by Jean-Pierre Dumont.
16:13 of 3rd period - Penalty to Andy McDonald is over, Andy McDonald is back on ice.
16:23 of 3rd period - Brandon Dubinsky is hit by Ryan Whitney and loses puck.
16:24 of 3rd period - Brandon Dubinsky from Senateurs is injured at 16:24 of 3rd period (Left Knee).
16:25 of 3rd period - Gilbert Brule wins face-off versus Nik Antropov in Senateurs zone.
16:39 of 3rd period - Icing by Joe Pavelski.
16:40 of 3rd period - Nik Antropov wins face-off versus Olli Jokinen in Blues zone.
16:48 of 3rd period - Minor Penalty to Bryce Lampman for Interference.
16:49 of 3rd period - Taylor Pyatt wins face-off versus Gilbert Brule in Blues zone.
18:10 of 3rd period - Jean-Pierre Dumont is hit by Taylor Pyatt.
18:48 of 3rd period - Penalty to Bryce Lampman is over, Bryce Lampman is back on ice.
18:57 of 3rd period - Snap shot by Ales Kotalik.
18:57 of 3rd period - Stopped by Tuukka Rask with a rebound.
19:22 of 3rd period - Minor Penalty to B.J. Crombeen for High sticking.
19:23 of 3rd period - Nicklas Backstrom wins face-off versus Gilbert Brule in Senateurs zone.
19:56 of 3rd period - Slapshot by Alex Pietrangelo.
19:56 of 3rd period - Stopped by Ondrej Pavelec without a rebound.
19:57 of 3rd period - Nicklas Backstrom wins face-off versus Gilbert Brule in Senateurs zone.
Goals for this period are 1 for Blues vs 0 for Senateurs.
Shots for this period are 7 for Blues vs 12 for Senateurs.